 Dungeon Crawl Stone Soup version 0.28.0-53-g5a82cb258f (webtiles) character file.

Game seed: 7421468535384533032

261 Cykl0x the Digger (level 6, -1/48 HPs)
             Began as a Gargoyle Earth Elementalist on May 31, 2022.
             Killed from afar by an orc wizard (2 damage)
             ... with a puff of flame
             ... on level 4 of the Dungeon.
             The game lasted 00:08:29 (4259 turns).

Cykl0x the Digger (Gargoyle Earth Elementalist)     Turns: 4259, Time: 00:08:30

Health: -1/48      AC: 23    Str: 12    XL:     6   Next: 18%
Magic:  1/11       EV:  2    Int: 17    God:
Gold:   137        SH:  0    Dex: 10    Spells: 4/12 levels left

rFire   . . .      SeeInvis .   k - +0 morningstar
rCold   . . .      Faith    .   (no shield)
rNeg    + . .      Spirit   .   (armour currently unavailable)
rPois   ∞          Reflect  .   (helmet currently unavailable)
rElec   .          Harm     .   (cloak currently unavailable)
rCorr   .          Rampage  .   (gloves currently unavailable)
Will    .....      NoTele   +   (boots currently unavailable)
Stlth   ++........              (no amulet)
HPRegen 0.16/turn               (no ring)
MPRegen 0.12/turn               (no ring)

@: mighty, tree-form
A: stationary, stasis, torment immunity, boosted hp, sickness immunity, AC +4,
negative energy resistance 1, (electricity resistance), torment resistance 1,
petrification resistance
a: no special abilities


You were on level 4 of the Dungeon.
You were a tree.
You visited 1 branch of the dungeon, and saw 4 of its levels.

You collected 137 gold pieces.

Inventory:

Hand Weapons
 f - a +0 whip
 k - a +0 morningstar (weapon)
Missiles
 c - 9 stones
Armour
 b - a +0 robe (melded)
 l - a +0 leather armour
 m - a +0 ring mail
Jewellery
 n - a +4 ring of evasion
Scrolls
 a - a scroll of immolation
 g - a scroll of teleportation
Potions
 d - a potion of attraction
 h - a potion of might
 i - a potion of haste {unknown}
 j - a potion of berserk rage {unknown}


   Skills:
 + Level 0.1 Fighting
 + Level 0.3 Maces & Flails
 + Level 1.6 Dodging
 - Level 2.1 Stealth
 + Level 3.9 Spellcasting
 * Level 2.6 Conjurations
 - Level 0.7 Transmutations
 + Level 5.6 Earth Magic


You had 4 spell levels left.
You knew the following spells:

 Your Spells              Type           Power      Damage    Failure   Level
a - Sandblast             Erth           44%        2d11      1%          1
b - Stone Arrow           Conj/Erth      34%        3d9       9%          3
c - Magic Dart            Conj           48%        1d5       5%          1
d - Mephitic Cloud        Conj/Pois/Air  6%         N/A       32%         3

Your spell library contained the following spells:

 Spells                   Type           Power      Damage    Failure   Level
 Passwall                 Tmut/Erth      11%        N/A       7%          2
 Freeze                   Ice            12%        1d4       16%         1
 Call Imp                 Summ           3%         N/A       24%         2
 Ignite Poison            Fire/Tmut/Pois 4%         N/A       41%         3
 Petrify                  Tmut/Erth      14%        N/A       41%         4
 Frozen Ramparts          Ice            6%         1d2       43%         3
 Hailstorm                Conj/Ice       7%         3d4       67%         4
 Freezing Cloud           Conj/Ice/Air   3%         6-21      97%         5


Dungeon Overview and Level Annotations

Branches:
Dungeon (4/15)
 Temple: D:4-7

Altars:
Nemelex Xobeh

Shops:
D:1 *=!([


Innate Abilities, Weirdness & Mutations

You are a tree.
Your roots penetrate the ground, keeping you stationary.
You cannot be teleported.
You are immune to unholy pain and torment.
Your maximum health is greatly increased.
Your equipment is partially melded.
You are immune to sickness and miasma.
((Your stone body is resilient. (AC +4)))
You are immune to poison.
You resist negative energy. (rN+)
((You are resistant to electric shocks. (rElec)))
You are resistant to unholy torment.
You are immune to petrification.


Message History

You are too depleted to draw on your mana recklessly!
Unknown command.
You miss the orc.
An endoplasm comes into view.
The orc wizard hits you but does no damage.
The orc closely misses you.
The orc wizard points at you and mumbles some strange words.
The magic dart hits you.
The orc wizard points at you and mumbles some strange words.
The puff of flame hits you!
* * * LOW HITPOINT WARNING * * *
The orc hits you but does no damage.
The orc wizard hits you but does no damage.
You feel less confused.
The orc wizard hits you but does no damage.
The orc hits you but does no damage.
It was a potion of might.
You feel very mighty all of a sudden.
The orc wizard hits you with a +0 dagger.
* * * LOW HITPOINT WARNING * * *
It was a potion of lignification.
You turn into a tree.
Your +0 robe melds into your body.
Your roots penetrate the ground.
The orc wizard hits you but does no damage.
The necrophage hits you but does no damage.
The orc hits you but does no damage. x2
You cannot teleport because you are held in place by your roots.
Unknown command.
You completely miss the orc wizard.
The orc wizard is almost dead.
The orc wizard casts a spell at you. The magic dart hits you!
* * * LOW HITPOINT WARNING * * *
The necrophage hits you but does no damage.
The orc hits you but does no damage. The orc hits you with a +0 hand axe.
* * * LOW HITPOINT WARNING * * *
The orc wizard hits you but does no damage.
The orc hits you but does no damage.
The orc wizard gestures at you while chanting.
The puff of flame hits you.
You die...

##. J.......
.. ........ .
#.#...... ..
#...... ...#
#.#.# ...
##...#
#.##or.##
#..noo##
###o♣o#
##.#.#######
#...........
#.#.........
#..#.<.......
...##.........
#.##
#......... ..
#.........
#.......(.


You could see a necrophage, 2 orc wizards, 3 orcs and a quokka.

Vanquished Creatures
  A bullfrog skeleton (D:4)
  An orc priest (D:3)
  Jessica (D:2)
  An orc wizard (D:3)
  6 adders
  4 worms
  10 orcs
  8 bats
  9 endoplasms
  6 giant cockroaches
  6 goblins
  6 hobgoblins
  3 kobolds
  3 quokkas
  4 ball pythons
  2 frilled lizards (D:1)
  5 rats
76 creatures vanquished.

Notes
Turn   | Place    | Note
-------+----------+-------------------------------------------
     0 | D:1      | Cykl0x the Gargoyle Earth Elementalist began the quest for
                  | the Orb.
     0 | D:1      | Reached XP level 1. HP: 10/10 MP: 3/3
     2 | D:1      | Noticed a formicid
     2 | D:1      | Noticed a troll
     4 | D:1      | Noticed an elf
     8 | D:1      | Noticed a felid
     8 | D:1      | Noticed a demonspawn
    10 | D:1      | Noticed an octopode
    12 | D:1      | Noticed an ogre
    12 | D:1      | Noticed a human
    14 | D:1      | Noticed a merfolk
    14 | D:1      | Noticed a ghoul
    16 | D:1      | Noticed a tengu
    16 | D:1      | Noticed a demigod
    18 | D:1      | Noticed a vine stalker
    20 | D:1      | Noticed a naga
    20 | D:1      | Noticed a dwarf
    22 | D:1      | Noticed a spriggan
    22 | D:1      | Noticed a gargoyle
    24 | D:1      | Noticed a minotaur
    24 | D:1      | Noticed a draconian
    26 | D:1      | Noticed a vampire
    74 | D:1      | Found Nofurer's Weapon Shoppe.
   164 | D:1      | Reached XP level 2. HP: 8/15 MP: 1/5
   383 | D:1      | Reached skill level 4 in Earth Magic
   645 | D:1      | Found Nitzifej's Armour Boutique.
   822 | D:1      | Found Imiwekhu's Distillery.
   910 | D:1      | Found Nuor's Jewellery Emporium.
  1082 | D:1      | Found Gixiloco's Assorted Antiques.
  1244 | D:2      | Reached XP level 3. HP: 19/19 MP: 1/6
  1248 | D:2      | Learned a level 3 spell: Stone Arrow
  1250 | D:2      | Learned a level 1 spell: Magic Dart
  1266 | D:2      | Reached skill level 1 in Conjurations
  1768 | D:2      | Noticed Jessica
  1778 | D:2      | Killed Jessica
  1779 | D:2      | Reached XP level 4. HP: 20/24 MP: 1/8
  2099 | D:2      | Found a sparkling altar of Nemelex Xobeh.
  2313 | D:2      | Found a faded altar of an unknown god.
  2518 | D:2      | Learned a level 3 spell: Mephitic Cloud
  2864 | D:3      | Reached XP level 5. HP: 28/28 MP: 5/10
  3394 | D:3      | Reached skill level 5 in Earth Magic
  4135 | D:3      | Reached XP level 6. HP: 32/32 MP: 5/11
  4249 | D:4      | Noticed a necrophage
  4259 | D:4      | HP: 1/48 [orc/+0 hand axe (2)]
  4259 | D:4      | Killed from afar by an orc wizard

Illustrated notes

Levels and vault maps discovered:
D:1:      kb_arrival_jail, layout_basic, serial_shops, nicolae_shop_crystal,
          nicolae_shop_window_shopping, nicolae_lakefront_shop,
          nicolae_shop_advertising_works [nicolae_subvault_shop_adworks], shop
D:2:      layout_rooms, shapermc_ecumenical_altar_flowoftime, basic_altar,
          kennysheep_pointless_box, uniq_jessica
D:3:      minmay_chambers_of_threes, layout_loops_corners
D:4:      layout_rooms

Skill      XL: |  1  2  3  4  5 |
---------------+----------------+-----
Earth Magic    | 4 5 |  5.6
Conjurations   | 1 2 |  2.6
Spellcasting   | 3 |  3.9
Fighting       | |  0.1
Maces & Flails | |  0.3
Dodging        | |  1.6
Stealth        | |  2.1
Transmutations | |  0.7

Action                   |  1- 3 |  4- 6 || total
-------------------------+-------+-------++-------
Melee: Whip              |    11 |     6 ||    17
       Morningstar       |       |     3 ||     3
 Cast: Sandblast         |    27 |    48 ||    75
       Magic Dart        |    18 |    27 ||    45
       Stone Arrow       |     7 |    16 ||    23
  Use: Scroll            |     4 |     1 ||     5
       Potion            |       |     2 ||     2
Armor: Robe              |     4 |    10 ||    14
       Skin              |       |     8 ||     8
Dodge: Dodged            |    13 |    14 ||    27
